[Event "Hungarian Youth-ch I 2024"]
[Site "Szolnok"]
[Date "2024.04.06"]
[Round "9.12"]
[White "Feher, Botond"]
[Black "Bod, Marton"]
[Result "1-0"]
[ECO "B40"]
[WhiteElo "2018"]
[BlackElo "1870"]
[Annotator "RC"]
[PlyCount "57"]
[EventDate "2024.03.31"]
[EventType "swiss"]
[EventCountry "HUN"]
[SourceTitle "playchess.com"]
[Source "ChessBase"]
[SourceQuality "1"]
[TimeControl "5400+30"]

1. e4 c5 2. Nf3 e6 3. c4 Nc6 4. Nc3 Nge7 5. Be2 g6 6. d4 cxd4 7. Nxd4 a6 8. Bg5 Bg7 9. Nxc6 bxc6 10. Qd6 f6 11. Be3 Kf7 12. O-O-O Qa5 13. f4 Re8 14. h4 f5 15. e5 h5 16. Bc5 Bf8 17. Qd4 Nd5 18. Bxf8 Nxc3 19. Qxc3 Qxc3+ 20. bxc3 Rxf8 21. c5 a5 22. Kc2 a4 23. Rd4 Ke7 24. Rb4 Ra5 25. Rhb1 Ba6 26. Bf3 Ra8 27. Kd2 Rb5 28. Rxb5 Bxb5 29. Rxb5 1-0

[Event "Hungarian Youth-ch I 2024"]
[Site "Szolnok"]
[Date "2024.04.06"]
[Round "9.13"]
[White "Kovacs, Kristof"]
[Black "Sinoros-Szabo, Daniel"]
[Result "1-0"]
[ECO "C48"]
[WhiteElo "2000"]
[BlackElo "1971"]
[Annotator "NA RC"]
[PlyCount "93"]
[EventDate "2024.03.31"]
[EventType "swiss"]
[EventCountry "HUN"]
[SourceTitle "playchess.com"]
[Source "ChessBase"]
[SourceQuality "1"]
[TimeControl "5400+30"]

1. e4 e5 2. Nf3 Nc6 3. Nc3 Nf6 4. Bb5 Bd6 5. a3 O-O 6. d3 {[%emt 0:00:15] C48: Four Knights: 4 Bb5, replies other than 4...Bb4.} Re8 {[%emt 0:05:28] 6...Nd4 is the modern continuation.} 7. g4 Nxg4 8. Rg1 Nf6 9. Bg5 Bf8 $146 {[%emt 0:05:08] [#]} ({Predecessor:} 9... Be7 $11 10. Bxc6 dxc6 11. Nxe5 Nd5 12. Qf3 f5 13. Qh5 Bxg5 14. Qf7+ Kh8 15. Rxg5 Qe7 16. Nxd5 cxd5 17. Qxe7 Rxe7 {½-½ Rosales Campos,P (2039)-Diaz Perez,M (2459) Iberoamerican-ch 8th 2022 (3)}) 10. Nd5 ({White should play} 10. Bc4 $1 $16) 10... Be7 11. Nxe7+ Qxe7 12. Nh4 d6 $1 13. Qd2 Kh8 14. O-O-O a6 15. Bc4 ({Better is} 15. Bxc6 $14 bxc6 16. f4) 15... Be6 16. Rg3 Rg8 17. Rdg1 Nd4 18. Bxe6 Qxe6 19. Kb1 Nh5 20. R3g2 f6 21. Be3 Qh3 22. Bxd4 Qxh4 23. Be3 Qh3 24. Rg4 g5 25. Qc3 Rg7 26. R1g2 Rag8 27. Qb3 b6 28. Qe6 Qf3 29. Ka2 Rf8 30. h4 $11 h6 31. hxg5 hxg5 32. Rh2 Rh7 33. Rg1 Rg8 34. Rh3 Qe2 35. Rgh1 Rf8 36. Qf5 Kg7 37. Bxg5 fxg5 38. Qxg5+ Kf7 39. Rxh5 Rxh5 40. Rxh5 Ke6 41. Rh6+ Kd7 42. Qg7+ Kc6 43. Qxf8 Qxc2 44. Rxd6+ Kb7 45. Rd8 Kc6 46. Qe8+ Kc5 47. Qxe5+ 1-0

[Event "Hungarian Youth-ch I 2024"]
[Site "Szolnok"]
[Date "2024.04.06"]
[Round "9.14"]
[White "Janosi, Bence"]
[Black "Karacsonyi, Bank"]
[Result "0-1"]
[ECO "E20"]
[WhiteElo "1893"]
[BlackElo "1940"]
[Annotator "RC"]
[PlyCount "46"]
[EventDate "2024.03.31"]
[EventType "swiss"]
[EventCountry "HUN"]
[SourceTitle "playchess.com"]
[Source "ChessBase"]
[SourceQuality "1"]
[TimeControl "5400+30"]

1. d4 Nf6 2. c4 e6 3. Nc3 Bb4 4. g3 O-O 5. Bg2 d5 6. Nf3 Nc6 7. O-O dxc4 8. Qa4 Bd7 9. Qc2 Rb8 10. e4 Bxc3 11. bxc3 h6 12. Nd2 b5 13. f4 Bc8 14. Rd1 Nxd4 15. cxd4 Qxd4+ 16. Kh1 Ng4 17. Rf1 Ne3 18. Bb2 Nxc2 19. Bxd4 Nxd4 20. Rab1 c3 21. Nb3 Nxb3 22. Rxb3 b4 23. a3 c5 0-1

[Event "Hungarian Youth-ch I 2024"]
[Site "Szolnok"]
[Date "2024.04.06"]
[Round "9.15"]
[White "Hangay, Oliver"]
[Black "Minga-Nagy, Abel Inti"]
[Result "1/2-1/2"]
[ECO "B35"]
[WhiteElo "1962"]
[BlackElo "1929"]
[Annotator "RC"]
[PlyCount "111"]
[EventDate "2024.03.31"]
[EventType "swiss"]
[EventCountry "HUN"]
[SourceTitle "playchess.com"]
[Source "ChessBase"]
[SourceQuality "1"]
[TimeControl "5400+30"]

1. e4 c5 2. Nf3 Nc6 3. d4 cxd4 4. Nxd4 g6 5. Nc3 Bg7 6. Be3 Nf6 7. Bc4 Qa5 8. O-O O-O 9. Nb3 Qc7 10. Bg5 Na5 11. Be2 Nxb3 12. axb3 Qe5 13. f4 Qc5+ 14. Kh1 d6 15. Bf3 e5 16. Be2 exf4 17. Bxf4 d5 18. Be5 Nxe4 19. Nxe4 dxe4 20. Bd6 Qg5 21. Bxf8 Kxf8 22. Bc4 Bf6 23. Qd6+ Kg7 24. Qc7 Bf5 25. Qxf7+ Kh6 26. Ra5 e3 27. Qxb7 Re8 28. Qf3 Be5 29. Bd3 Bg4 30. Qe4 Bf5 31. Rxe5 Bxe4 32. Rxg5 Bxd3 33. cxd3 Kxg5 34. Re1 Kf4 35. Kg1 Rd8 36. Rf1+ Ke5 37. Rd1 Kd4 38. Kf1 Rf8+ 39. Ke1 Rc8 40. b4 Rc2 41. Ra1 Kxd3 42. Ra3+ Kd4 43. Rxa7 Rxb2 44. Rxh7 Rxg2 45. b5 Kc5 46. Re7 Kxb5 47. Rxe3 Rxh2 48. Rg3 Rh6 49. Ke2 Kc5 50. Kf3 Kd5 51. Kf4 Ke6 52. Kg5 Rh8 53. Rf3 Rg8 54. Rf6+ Ke5 55. Rxg6 Rxg6+ 56. Kxg6 1/2-1/2

[Event "Hungarian Youth-ch I 2024"]
[Site "Szolnok"]
[Date "2024.04.06"]
[Round "9.16"]
[White "Papai, Mate"]
[Black "Hegedus, Zsombor"]
[Result "1-0"]
[ECO "A58"]
[WhiteElo "1887"]
[BlackElo "1759"]
[Annotator "NA RC"]
[PlyCount "113"]
[EventDate "2024.03.31"]
[EventType "swiss"]
[EventCountry "HUN"]
[SourceTitle "playchess.com"]
[Source "ChessBase"]
[SourceQuality "1"]
[TimeControl "5400+30"]

1. d4 Nf6 2. c4 c5 3. d5 b5 4. cxb5 a6 5. bxa6 g6 6. Nc3 Bg7 7. e4 O-O 8. Nf3 Qa5 9. a7 Rxa7 10. Bd2 Qb6 11. Qc2 ({White should play} 11. Bc4 $16) 11... d6 $14 ({Better is} 11... Ba6 $11) 12. Be2 Bd7 13. O-O Na6 14. a3 Rfa8 15. Rab1 Rb7 16. h3 Ne8 17. Rfe1 Nec7 18. Bf1 Rab8 19. b3 Nb5 20. Bxb5 Bxb5 21. Nxb5 Qxb5 22. Bc3 Nc7 23. Nd2 Bh6 24. Nc4 f6 25. a4 Qd7 26. Na5 Rb6 27. Nc6 Ra8 28. b4 cxb4 29. Rxb4 Rxb4 30. Bxb4 Na6 31. Bc3 Nc5 32. a5 Bf4 33. Bd4 Na6 34. Rb1 Be5 35. Be3 g5 36. Qc4 g4 37. Nxe5 fxe5 38. Qc6 Qd8 39. Bb6 Qf8 40. hxg4 Kg7 41. Be3 Qd8 42. Rb7 Kf6 43. g5+ Kg6 44. Rxe7 Qxe7 45. Qxa8 Nc5 46. Qg8+ Kh5 47. Bxc5 dxc5 48. Qe6 Qxg5 49. Qh3+ Kg6 50. Qg3 c4 51. Qxg5+ Kxg5 52. d6 Kf6 53. d7 Ke7 54. a6 c3 55. a7 c2 56. d8=Q+ Ke6 57. Qc8+ 1-0

[Event "Hungarian Youth-ch I 2024"]
[Site "Szolnok"]
[Date "2024.04.06"]
[Round "9.17"]
[White "Hegedus, Bernat"]
[Black "Meszaros-Csonka, David"]
[Result "0-1"]
[ECO "A06"]
[WhiteElo "1778"]
[BlackElo "1941"]
[Annotator "RC"]
[PlyCount "116"]
[EventDate "2024.03.31"]
[EventType "swiss"]
[EventCountry "HUN"]
[SourceTitle "playchess.com"]
[Source "ChessBase"]
[SourceQuality "1"]
[TimeControl "5400+30"]

1. Nf3 d5 2. g3 Nf6 3. Bg2 c6 4. O-O Bf5 5. d3 e6 6. c4 Be7 7. Qb3 Qb6 8. Be3 Qa6 9. cxd5 exd5 10. Nd4 Bg6 11. Nc3 Nbd7 12. Bf4 O-O 13. Rfd1 Rfe8 14. e4 Bc5 15. Nc2 dxe4 16. dxe4 Ne5 17. Bf1 Qb6 18. Qxb6 Bxb6 19. Bg2 Neg4 20. Ne3 Nxe3 21. Bxe3 Bxe3 22. fxe3 Bxe4 23. Nxe4 Nxe4 24. Rd7 Nc5 25. Rc7 Rac8 26. Rxc8 Rxc8 27. Rd1 Kf8 28. b4 Ne6 29. Rd7 Rc7 30. Rxc7 Nxc7 31. a4 Ke7 32. Kf2 Kd6 33. Ke2 Nd5 34. b5 Nc3+ 35. Kd3 Nxa4 36. Kc4 Nb6+ 37. Kb4 Nd5+ 38. Ka5 Nxe3 39. Be4 Nc4+ 40. Kb4 Ne5 41. bxc6 Nxc6+ 42. Kb5 h6 43. h4 Ke5 44. Bg2 Kd4 45. g4 Ke3 46. h5 Kf4 47. Bd5 f6 48. Bf7 Kxg4 49. Kc5 f5 50. Kd6 f4 51. Kd7 Ne5+ 52. Ke7 Nxf7 53. Kxf7 Kxh5 54. Kg8 f3 55. Kh8 f2 56. Kh7 f1=Q 57. Kg8 Kg6 58. Kh8 Qf8# 0-1

[Event "Hungarian Youth-ch I 2024"]
[Site "Szolnok"]
[Date "2024.04.06"]
[Round "9.18"]
[White "Jiang, Yaxing"]
[Black "Nagy, Norbert"]
[Result "0-1"]
[ECO "B21"]
[WhiteElo "1529"]
[BlackElo "1629"]
[Annotator "NA RC"]
[PlyCount "60"]
[EventDate "2024.03.31"]
[EventType "swiss"]
[EventCountry "HUN"]
[SourceTitle "playchess.com"]
[Source "ChessBase"]
[SourceQuality "1"]
[TimeControl "5400+30"]

1. e4 c5 2. d4 cxd4 3. c3 dxc3 4. Nxc3 Nc6 5. Nf3 d6 6. Bc4 e6 7. O-O Be7 8. Qe2 a6 9. Rd1 Bd7 10. Bf4 e5 11. Be3 Nf6 12. Bb3 O-O 13. Na4 b5 14. Nc3 h6 15. Nd5 Nxd5 16. Bxd5 Rc8 17. Rac1 Nb4 18. Bb3 Be6 19. Bxe6 fxe6 20. a3 Nc6 21. Qd2 Qa5 22. Qxa5 Nxa5 23. b4 Nc4 24. Rc3 Nxe3 25. Rxe3 Rc4 26. Nd2 Rd4 27. Re2 Rc8 28. f3 Rd3 29. Ra1 Rc2 30. Rd1 Bg5 0-1

[Event "Hungarian Youth-ch I 2024"]
[Site "Szolnok"]
[Date "2024.04.06"]
[Round "9.19"]
[White "Kertesz, Adam"]
[Black "Golya, David"]
[Result "0-1"]
[ECO "D15"]
[WhiteElo "1508"]
[BlackElo "1672"]
[Annotator "NA RC"]
[PlyCount "64"]
[EventDate "2024.03.31"]
[EventType "swiss"]
[EventCountry "HUN"]
[SourceTitle "playchess.com"]
[Source "ChessBase"]
[SourceQuality "1"]
[TimeControl "5400+30"]

1. d4 d5 2. c4 c6 3. Nc3 Nf6 4. Nf3 Bf5 5. e3 e6 6. Bd3 Bxd3 7. Qxd3 Bb4 8. Bd2 Nbd7 9. cxd5 exd5 10. O-O Bxc3 11. Bxc3 Qc7 12. Rac1 O-O-O 13. b4 Kb8 14. a4 h5 15. a5 a6 16. Qf5 g6 17. Qf4 Qxf4 18. exf4 h4 19. h3 Ne4 20. Rfe1 Ndf6 21. Ne5 Rh7 22. Bb2 Nh5 23. Nd3 Rg7 24. f3 Neg3 25. Re5 f6 26. Re6 g5 27. fxg5 Rxg5 28. Rce1 Rgg8 29. Nf2 Nf4 30. Rxf6 Ngh5 31. Rf7 Rxg2+ 32. Kf1 Ng3# 0-1

[Event "Hungarian Youth-ch I 2024"]
[Site "Szolnok"]
[Date "2024.04.06"]
[Round "9.20"]
[White "Fan, Xiaotong"]
[Black "Botond, Laszlo"]
[Result "1-0"]
[ECO "B42"]
[WhiteElo "1731"]
[BlackElo "1831"]
[Annotator "NA RC"]
[PlyCount "51"]
[EventDate "2024.03.31"]
[EventType "swiss"]
[EventCountry "HUN"]
[SourceTitle "playchess.com"]
[Source "ChessBase"]
[SourceQuality "1"]
[TimeControl "5400+30"]

1. e4 c5 2. Nf3 e6 3. d4 cxd4 4. Nxd4 a6 5. Bd3 Qc7 6. Qe2 Bc5 7. Nb3 Bd6 8. h3 Nf6 9. O-O O-O 10. c4 Nc6 11. f4 Ne8 12. Nc3 Nb4 13. Bb1 b6 14. e5 Bc5+ 15. Nxc5 Qxc5+ 16. Be3 Qc7 17. Ne4 h6 18. a3 Nc6 19. Qf2 Rb8 20. Qh4 d6 21. exd6 Nxd6 22. Nf6+ Kh8 23. f5 gxf6 24. Qxh6+ Kg8 25. Rf4 Ne5 26. Rh4 1-0

[Event "Hungarian Youth-ch I 2024"]
[Site "Szolnok"]
[Date "2024.04.06"]
[Round "9.21"]
[White "Harkai, Emma"]
[Black "Sipos, Stefania"]
[Result "1/2-1/2"]
[ECO "C55"]
[WhiteElo "1918"]
[BlackElo "1885"]
[Annotator "RC"]
[PlyCount "95"]
[EventDate "2024.03.31"]
[EventType "swiss"]
[EventCountry "HUN"]
[SourceTitle "playchess.com"]
[Source "ChessBase"]
[SourceQuality "1"]
[TimeControl "5400+30"]

1. e4 e5 2. Nf3 Nc6 3. Bc4 Nf6 4. d4 exd4 5. e5 d5 6. Bb5 Ne4 7. Nxd4 Bc5 8. Be3 O-O 9. Bxc6 bxc6 10. O-O Qe8 11. c3 Bd7 12. f3 Nd6 13. Bf4 Nc4 14. Qe2 f6 15. Re1 fxe5 16. Bxe5 Nxe5 17. Qxe5 Qxe5 18. Rxe5 Bd6 19. Re1 c5 20. Nc2 h5 21. Nd2 Rab8 22. b3 h4 23. Rad1 Rbe8 24. c4 d4 25. Ne4 a5 26. a4 h3 27. Na3 hxg2 28. Kxg2 Re6 29. Nb1 Rg6+ 30. Ng3 Bc6 31. Nd2 Bf4 32. Nde4 Be3 33. Rf1 Rf5 34. Kh1 Re5 35. Rfe1 Rh6 36. Kg2 Bd7 37. Nf2 Rb6 38. Rd3 Re8 39. Nfe4 Re5 40. Nf2 Be8 41. Ng4 Ree6 42. Nxe3 dxe3 43. Rdxe3 Bf7 44. Ne4 Re5 45. Ng3 Ree6 46. Ne4 Re5 47. Ng3 Ree6 48. Ne4 1/2-1/2

[Event "Hungarian Youth-ch I 2024"]
[Site "Szolnok"]
[Date "2024.04.06"]
[Round "9.22"]
[White "Buri, Petra Zsuzsanna"]
[Black "Kovacs, Veronika"]
[Result "1/2-1/2"]
[ECO "B12"]
[WhiteElo "1972"]
[BlackElo "1931"]
[Annotator "RC"]
[PlyCount "74"]
[EventDate "2024.03.31"]
[EventType "swiss"]
[EventCountry "HUN"]
[SourceTitle "playchess.com"]
[Source "ChessBase"]
[SourceQuality "1"]
[TimeControl "5400+30"]

1. e4 c6 2. d4 d5 3. f3 g6 4. Nc3 Bg7 5. Be3 Qb6 6. Rb1 e5 7. Nge2 Ne7 8. Qd2 Qc7 9. dxe5 Bxe5 10. Nd4 dxe4 11. Nxe4 Nf5 12. Nxf5 Bxf5 13. Bd4 Nd7 14. Bxe5 Qxe5 15. Bd3 O-O-O 16. O-O Nc5 17. Nxc5 Qxc5+ 18. Kh1 Bxd3 19. cxd3 Qd4 20. Rfd1 Rhe8 21. b4 Re5 22. a4 Rde8 23. Re1 Rxe1+ 24. Rxe1 Rxe1+ 25. Qxe1 Qxd3 26. Qe8+ Qd8 27. Qe1 Kd7 28. h3 Qe7 29. Qc3 Qd6 30. Qb3 Qd5 31. Qc2 a5 32. bxa5 Qxa5 33. Qb3 Qe1+ 34. Kh2 Qe5+ 35. Kh1 Qe1+ 36. Kh2 Qe5+ 37. Kh1 Qe1+ 1/2-1/2

[Event "Hungarian Youth-ch I 2024"]
[Site "Szolnok"]
[Date "2024.04.06"]
[Round "9.23"]
[White "Alexandrova, Angelina"]
[Black "Kiraly, Lilla Virag"]
[Result "1/2-1/2"]
[ECO "A46"]
[WhiteElo "1812"]
[BlackElo "1923"]
[Annotator "RC"]
[PlyCount "132"]
[EventDate "2024.03.31"]
[EventType "swiss"]
[EventCountry "HUN"]
[SourceTitle "playchess.com"]
[Source "ChessBase"]
[SourceQuality "1"]
[TimeControl "5400+30"]

1. d4 Nf6 2. Nf3 e6 3. g3 b5 4. Bg2 Bb7 5. O-O Be7 6. Nbd2 O-O 7. b3 b4 8. a3 a5 9. Bb2 d5 10. c4 bxc3 11. Bxc3 Nbd7 12. b4 Ba6 13. bxa5 c5 14. Re1 Rc8 15. dxc5 Nxc5 16. Bb4 Nce4 17. Nxe4 Nxe4 18. Rc1 Bc5 19. e3 Qe7 20. Nd4 Bxb4 21. axb4 Qxb4 22. Bxe4 dxe4 23. Nc6 Qb7 24. Qd6 Kh8 25. Nb4 Ra8 26. Red1 Be2 27. Rd2 Bf3 28. a6 Qb5 29. Qc5 Qxc5 30. Rxc5 Rab8 31. Rb2 Rfd8 32. Rc1 Ra8 33. Rcb1 Rdc8 34. Kf1 h5 35. Ke1 Kh7 36. Ra1 Rc7 37. Nc2 Rac8 38. a7 Ra8 39. Rba2 e5 40. Nb4 Bg4 41. Nd5 Rb7 42. Ra6 Be6 43. Nb6 Raxa7 44. Rxa7 Rxb6 45. Rc1 Kg6 46. Ra5 Kf5 47. Kd2 Rd6+ 48. Ke2 Rb6 49. h3 Rb2+ 50. Kf1 f6 51. Ra7 g6 52. Rg7 Rb6 53. Kg2 Kg5 54. Ra1 Kh6 55. Raa7 Bc4 56. h4 g5 57. Rh7+ Kg6 58. hxg5 Be2 59. Rag7+ Kf5 60. gxf6 Bf3+ 61. Kh2 Rb1 62. g4+ hxg4 63. f7 Rh1+ 64. Kg3 Rg1+ 65. Kh4 Rh1+ 66. Kg3 Rg1+ 1/2-1/2

[Event "Hungarian Youth-ch I 2024"]
[Site "Szolnok"]
[Date "2024.04.06"]
[Round "9.24"]
[White "Bende, Eniko Tunde"]
[Black "Kovacs, Reka"]
[Result "1-0"]
[ECO "A10"]
[WhiteElo "1650"]
[BlackElo "1855"]
[Annotator "NA RC"]
[PlyCount "67"]
[EventDate "2024.03.31"]
[EventType "swiss"]
[EventCountry "HUN"]
[SourceTitle "playchess.com"]
[Source "ChessBase"]
[SourceQuality "1"]
[TimeControl "5400+30"]

1. c4 f5 2. Nf3 Nf6 3. Nc3 g6 4. d4 Bg7 5. Bg5 Ne4 6. Bf4 Nxc3 7. bxc3 d6 8. Qd2 h6 9. g3 Nd7 $17 10. Bg2 e5 11. dxe5 dxe5 12. Be3 Qf6 13. O-O g5 14. Qc2 O-O 15. Rad1 f4 16. Bc1 Nb6 17. Nd2 Bd7 18. c5 Ba4 19. Nb3 Nd7 20. Ba3 Bc6 21. Na5 Bxg2 22. Kxg2 Rf7 23. f3 Qa6 24. Qb3 Nf6 25. Nxb7 Rb8 26. Rd8+ Bf8 27. Rxb8 g4 28. Nd8 Qxe2+ 29. Kg1 gxf3 30. Qxf7+ Kh8 31. Qxf8+ Kh7 32. Qf7+ Kh8 33. Ne6+ Ne8 34. Rxe8# 1-0

[Event "Hungarian Youth-ch I 2024"]
[Site "Szolnok"]
[Date "2024.04.06"]
[Round "9.27"]
[White "Balazs, Sztella Anna"]
[Black "Toth, Timea"]
[Result "1/2-1/2"]
[ECO "B28"]
[WhiteElo "1805"]
[BlackElo "1978"]
[Annotator "RC"]
[PlyCount "65"]
[EventDate "2024.03.31"]
[EventType "swiss"]
[EventCountry "HUN"]
[SourceTitle "playchess.com"]
[Source "ChessBase"]
[SourceQuality "1"]
[TimeControl "5400+30"]

1. e4 c5 2. Nf3 a6 3. c4 Nc6 4. d4 cxd4 5. Nxd4 Nf6 6. Nc3 e5 7. Nf5 d6 8. Ne3 Be6 9. Ned5 Bxd5 10. cxd5 Ne7 11. Qa4+ Nd7 12. Bd3 b5 13. Qd1 g6 14. O-O Bg7 15. f4 exf4 16. Bxf4 Qb6+ 17. Kh1 Be5 18. Qf3 Bxf4 19. Qxf4 O-O 20. Qh4 Rae8 21. Rf3 Qd4 22. Rh3 Qg7 23. a4 Nc5 24. axb5 Nxd3 25. Rxd3 axb5 26. Ra7 f5 27. Rd1 Qf6 28. Qxf6 Rxf6 29. e5 dxe5 30. d6 Nc6 31. Rc7 Nd4 32. d7 Rd8 33. Rc5 1/2-1/2